[Event "78th GEO-ch 2019"]
[Site "Tbilisi"]
[Date "2019.02.06"]
[Round "1.1"]
[White "Lortkipanidze, Nodar"]
[Black "Pantsulaia, Levan"]
[Result "0-1"]
[ECO "B30"]
[WhiteElo "2326"]
[BlackElo "2611"]
[Annotator "ChessBase"]
[PlyCount "82"]
[EventDate "2019.02.06"]
[EventType "k.o."]
[EventCountry "GEO"]
[SourceTitle "playchess.com"]
[Source "ChessBase"]
[SourceQuality "1"]
[TimeControl "40/5400+30:1800+30"]

1. e4 c5 2. Nf3 Nc6 3. c3 Nf6 4. e5 Nd5 5. d4 cxd4 6. cxd4 d6 7. Bc4 Nb6 8. Bb5 dxe5 9. Nxe5 Bd7 10. Nxd7 Qxd7 11. O-O e6 12. Qg4 h5 13. Qe2 Rc8 14. Rd1 a6 15. Bxc6 Rxc6 16. Nc3 Nd5 17. Qe5 f6 18. Qe4 Kf7 19. Qf3 Nxc3 20. bxc3 Qd5 21. Qh3 b5 22. Bd2 Rc4 23. Re1 Ra4 24. a3 Bd6 25. Re2 Rxa3 26. Rae1 Re8 27. f4 Re7 28. Rf2 Qf5 29. Qf3 Ra2 30. Qc6 Qd5 31. Qc8 a5 32. f5 exf5 33. Ref1 f4 34. Qd8 f3 35. g3 a4 36. Qh8 Re2 37. Rxf3 Raxd2 38. Rxf6+ gxf6 39. Rxf6+ Ke7 40. Qf8+ Kd7 41. Rf7+ Be7 0-1

[Event "78th GEO-ch 2019"]
[Site "Tbilisi"]
[Date "2019.02.08"]
[Round "1.5"]
[White "Maghalashvili, Davit"]
[Black "Petriashvili, Nikoloz"]
[Result "1-0"]
[ECO "A06"]
[WhiteElo "2504"]
[BlackElo "2464"]
[Annotator "ChessBase"]
[PlyCount "119"]
[EventDate "2019.02.06"]
[EventType "k.o."]
[EventCountry "GEO"]
[SourceTitle "playchess.com"]
[Source "ChessBase"]
[SourceQuality "1"]
[TimeControl "600+10"]

1. Nf3 d5 2. g3 Nf6 3. Bg2 g6 4. b3 Bg7 5. Bb2 O-O 6. c4 c6 7. O-O Bf5 8. d3 a5 9. a3 Na6 10. Nbd2 Nc5 11. b4 Na6 12. Bc3 axb4 13. axb4 Qb6 14. Qb3 Rfd8 15. Qb2 Ne8 16. Bxg7 Nxg7 17. Rfb1 Bg4 18. b5 Nc5 19. Rxa8 Rxa8 20. bxc6 Qxb2 21. Rxb2 bxc6 22. Nd4 Ra1+ 23. Nf1 Nge6 24. Nxc6 dxc4 25. dxc4 Ng5 26. h4 Nh3+ 27. Kh2 Nxf2 28. Nxe7+ Kg7 29. Nd5 Be6 30. Nfe3 Nce4 31. Bf3 Rc1 32. Rb7 h5 33. Rc7 Nd2 34. Kg2 Ng4 35. Bxg4 hxg4 36. c5 Bxd5+ 37. Nxd5 Ne4 38. c6 Rc2 39. Nf4 Rc3 40. Re7 Nf6 41. Ne6+ Kg8 42. Nd4 Nd5 43. Rd7 Nf6 44. Ra7 Nd5 45. e4 Ne3+ 46. Kf2 Nc2 47. c7 Nxd4 48. Ra8+ Kg7 49. c8=Q Rxc8 50. Rxc8 Ne6 51. Ke3 Kf6 52. Ra8 Ke7 53. e5 f5 54. exf6+ Kxf6 55. Ra6 Kf5 56. Ra5+ Kf6 57. Ke4 Kf7 58. Ke5 Ng7 59. Ra7+ Kg8 60. Kf6 1-0

[Event "78th GEO-ch 2019"]
[Site "Tbilisi"]
[Date "2019.02.08"]
[Round "1.6"]
[White "Petriashvili, Nikoloz"]
[Black "Maghalashvili, Davit"]
[Result "1/2-1/2"]
[ECO "A13"]
[WhiteElo "2464"]
[BlackElo "2504"]
[Annotator "RC"]
[PlyCount "76"]
[EventDate "2019.02.06"]
[EventType "k.o."]
[EventCountry "GEO"]
[SourceTitle "playchess.com"]
[Source "ChessBase"]
[SourceQuality "1"]
[TimeControl "600+10"]

1. c4 e6 2. Nf3 d5 3. b3 Nf6 4. g3 Be7 5. Bg2 O-O 6. O-O c5 7. cxd5 Nxd5 8. Bb2 Nc6 9. d4 cxd4 10. Nxd4 Bd7 11. Nc3 Nxc3 12. Bxc3 Rc8 13. e3 Bf6 14. Nxc6 Bxc6 15. Qxd8 Rfxd8 16. Bxf6 gxf6 17. Rfc1 Bxg2 18. Kxg2 Rxc1 19. Rxc1 Rd2 20. a4 Rb2 21. Rc3 f5 22. h3 h5 23. Kf3 Kg7 24. a5 Kf6 25. h4 Kg6 26. Kf4 Rxf2+ 27. Ke5 Rd2 28. Rc5 b6 29. axb6 axb6 30. Rb5 Rd3 31. Kf4 Rd6 32. Ke5 Rd3 33. Rxb6 Rxe3+ 34. Kf4 Rc3 35. Rb8 f6 36. Rg8+ Kf7 37. Rb8 Kg6 38. Rg8+ Kf7 1/2-1/2

[Event "78th GEO-ch 2019"]
[Site "Tbilisi"]
[Date "2019.02.09"]
[Round "2.1"]
[White "Pantsulaia, Levan"]
[Black "Beradze, Irakli"]
[Result "1/2-1/2"]
[ECO "A39"]
[WhiteElo "2611"]
[BlackElo "2490"]
[Annotator "ChessBase"]
[PlyCount "121"]
[EventDate "2019.02.06"]
[EventType "k.o."]
[EventCountry "GEO"]
[SourceTitle "playchess.com"]
[Source "ChessBase"]
[SourceQuality "1"]
[TimeControl "40/5400+30:1800+30"]

1. c4 Nf6 2. g3 c5 3. Bg2 g6 4. Nf3 Nc6 5. O-O Bg7 6. Nc3 O-O 7. d4 cxd4 8. Nxd4 Qa5 9. Nb3 Qh5 10. c5 d6 11. cxd6 Rd8 12. e4 Qxd1 13. Rxd1 Rxd6 14. Rxd6 exd6 15. h3 Be6 16. Be3 Ne8 17. Rd1 Nb4 18. Na5 Nxa2 19. Nxa2 Bxa2 20. e5 Bxe5 21. Bxb7 Rd8 22. Bxa7 Be6 23. b4 Rd7 24. Bd4 Bxd4 25. Rxd4 Rc7 26. Bc6 Bd7 27. Bxd7 Rxd7 28. b5 Ra7 29. Ra4 Nf6 30. b6 Ra6 31. b7 Nd7 32. Ra3 Kf8 33. Nc4 Rxa3 34. Nxa3 Ke7 35. Nc4 Nb8 36. Kg2 Kd7 37. Kf3 Kc6 38. Ke3 Kc5 39. Kd3 Nd7 40. g4 h6 41. h4 d5 42. Na5 Nb8 43. f4 Kb6 44. Kd4 Kxa5 45. Kxd5 Kb6 46. Ke5 Kxb7 47. Kf6 Nd7+ 48. Kxf7 g5 49. fxg5 hxg5 50. hxg5 Ne5+ 51. Ke6 Nxg4 52. Kf5 Ne3+ 53. Ke4 Kc6 54. Kxe3 Kd5 55. Kf4 Ke6 56. Kg4 Kf7 57. Kf5 Kg7 58. g6 Kg8 59. Kf6 Kf8 60. g7+ Kg8 61. Kg6 1/2-1/2

[Event "78th GEO-ch 2019"]
[Site "Tbilisi"]
[Date "2019.02.09"]
[Round "2.1"]
[White "Paichadze, Luka"]
[Black "Maghalashvili, Davit"]
[Result "1-0"]
[ECO "B53"]
[WhiteElo "2580"]
[BlackElo "2504"]
[Annotator "ChessBase"]
[PlyCount "123"]
[EventDate "2019.02.06"]
[EventType "k.o."]
[EventCountry "GEO"]
[SourceTitle "playchess.com"]
[Source "ChessBase"]
[SourceQuality "1"]
[TimeControl "40/5400+30:1800+30"]

1. e4 c5 2. Nf3 d6 3. d4 cxd4 4. Qxd4 Nc6 5. Bb5 Bd7 6. Qd3 g6 7. O-O Bg7 8. c4 Nf6 9. h3 O-O 10. Nc3 Rc8 11. Be3 a6 12. Bxc6 Bxc6 13. Nd4 Nd7 14. Rac1 Nc5 15. Qb1 Ne6 16. Rfd1 Nxd4 17. Bxd4 Bh6 18. Rc2 b5 19. c5 b4 20. Nd5 e5 21. Be3 Bxd5 22. Rxd5 Bxe3 23. fxe3 Qg5 24. Qc1 Rxc5 25. Rcxc5 dxc5 26. Qxc5 Re8 27. Rd3 Rb8 28. Kh1 h5 29. Rd1 Qf6 30. Rd6 Qf1+ 31. Kh2 Qb5 32. Qc7 Re8 33. Rf6 Rf8 34. Rb6 Qe2 35. Rxb4 Qxe3 36. Qxe5 h4 37. Rb3 Qe1 38. Rf3 a5 39. Qf4 a4 40. Rf2 Qb1 41. a3 Qd3 42. Qxh4 Qd6+ 43. Qg3 Qe6 44. e5 Re8 45. Re2 Qf5 46. Qe3 Re6 47. Qe4 Qf1 48. Re3 Qb5 49. Qd4 Rb6 50. Re4 Qxb2 51. Qxa4 Kg7 52. Qa7 Rb7 53. Qe3 Rb3 54. Qg5 Rb5 55. a4 Rb4 56. Qf6+ Kg8 57. Qf4 Rxe4 58. Qxe4 Qd2 59. e6 Qd6+ 60. g3 f5 61. Qe3 Kf8 62. Qh6+ 1-0

[Event "78th GEO-ch 2019"]
[Site "Tbilisi"]
[Date "2019.02.09"]
[Round "2.1"]
[White "Quparadze, Giga"]
[Black "Jojua, Davit"]
[Result "1-0"]
[ECO "C77"]
[WhiteElo "2493"]
[BlackElo "2588"]
[Annotator "ChessBase"]
[PlyCount "133"]
[EventDate "2019.02.06"]
[EventType "k.o."]
[EventCountry "GEO"]
[SourceTitle "playchess.com"]
[Source "ChessBase"]
[SourceQuality "1"]
[TimeControl "40/5400+30:1800+30"]

1. e4 e5 2. Nf3 Nc6 3. Bb5 a6 4. Ba4 Nf6 5. d3 d6 6. c3 g6 7. O-O Bg7 8. Re1 O-O 9. Nbd2 b5 10. Bb3 Na5 11. Bc2 c5 12. Nf1 Nc6 13. Bg5 h6 14. Bh4 Be6 15. Bb3 Qd7 16. Bxf6 Bxf6 17. Ne3 Bg7 18. a4 Ne7 19. h4 d5 20. exd5 Nxd5 21. Nxd5 Bxd5 22. Nxe5 Qd6 23. d4 Bxb3 24. Qxb3 cxd4 25. cxd4 Qxd4 26. Nxg6 Qxb2 27. Ne7+ Kh8 28. Qe3 Qc3 29. Qf4 Qd4 30. Qf3 Qc3 31. Qg4 Rae8 32. Rad1 bxa4 33. Qxa4 Rd8 34. Qxa6 Rxd1 35. Rxd1 Re8 36. Qe2 Qe5 37. Qxe5 Bxe5 38. Nf5 Re6 39. h5 Rf6 40. g4 Rb6 41. Rd5 Bf4 42. Rd4 Bc1 43. Kg2 Ba3 44. Rd3 Bb2 45. Rd8+ Kh7 46. Nd6 Rb4 47. f3 Be5 48. Nxf7 Bf4 49. Rd7 Kg8 50. Nd8 Rb6 51. Kf1 Bg5 52. Nb7 Rb3 53. Kg2 Be3 54. Nd6 Rd3 55. Rd8+ Kh7 56. Nf7 Ra3 57. Rd7 Kg8 58. Ne5 Bf4 59. Ng6 Ra2+ 60. Kf1 Ra3 61. Ke2 Ra2+ 62. Kd1 Ra1+ 63. Kc2 Bg5 64. f4 Bf6 65. g5 Bg7 66. Ne7+ Kf8 67. Nf5 1-0

[Event "78th GEO-ch 2019"]
[Site "Tbilisi"]
[Date "2019.02.10"]
[Round "2.2"]
[White "Jojua, Davit"]
[Black "Quparadze, Giga"]
[Result "1-0"]
[ECO "A40"]
[WhiteElo "2588"]
[BlackElo "2493"]
[Annotator "ChessBase"]
[PlyCount "61"]
[EventDate "2019.02.06"]
[EventType "k.o."]
[EventCountry "GEO"]
[SourceTitle "playchess.com"]
[Source "ChessBase"]
[SourceQuality "1"]
[TimeControl "40/5400+30:1800+30"]

1. d4 Nf6 2. c4 e6 3. g3 Bb4+ 4. Bd2 a5 5. Bg2 d5 6. Nf3 O-O 7. Qc2 c6 8. O-O Be7 9. Bf4 b6 10. Ne5 Bb7 11. Rd1 Nfd7 12. e4 Nxe5 13. Bxe5 Na6 14. a3 Rc8 15. Nc3 Bd6 16. Bxd6 Qxd6 17. Qb3 dxc4 18. Qxb6 Qc7 19. Na4 Rfd8 20. Rac1 c5 21. Qxc7 Rxc7 22. d5 exd5 23. exd5 Bc8 24. Nb6 Bg4 25. Rd2 Re7 26. Nxc4 a4 27. Ne3 Bd7 28. Bf1 Ra8 29. d6 Ree8 30. Nd5 Red8 31. Nc7 1-0

[Event "78th GEO-ch 2019"]
[Site "Tbilisi"]
[Date "2019.02.10"]
[Round "2.2"]
[White "Arutinian, David"]
[Black "Shanava, Konstantine"]
[Result "1/2-1/2"]
[ECO "A41"]
[WhiteElo "2552"]
[BlackElo "2516"]
[Annotator "ChessBase"]
[PlyCount "45"]
[EventDate "2019.02.06"]
[EventType "k.o."]
[EventCountry "GEO"]
[SourceTitle "playchess.com"]
[Source "ChessBase"]
[SourceQuality "1"]
[TimeControl "40/5400+30:1800+30"]

1. d4 d6 2. e4 Nf6 3. f3 e5 4. d5 Be7 5. Be3 Nfd7 6. Qd2 h6 7. Nc3 Bg5 8. Nge2 Nb6 9. Ng3 a5 10. O-O-O Bxe3 11. Qxe3 Qg5 12. Bb5+ Ke7 13. Qd2 g6 14. Nf1 Qxd2+ 15. Rxd2 c6 16. Be2 cxd5 17. Nxd5+ Nxd5 18. Rxd5 Be6 19. Rb5 Ra7 20. Ne3 Rc8 21. Kb1 Nd7 22. Rd1 Rc5 23. Rxc5 1/2-1/2

[Event "78th GEO-ch 2019"]
[Site "Tbilisi"]
[Date "2019.02.10"]
[Round "2.2"]
[White "Maghalashvili, Davit"]
[Black "Paichadze, Luka"]
[Result "1/2-1/2"]
[ECO "A14"]
[WhiteElo "2504"]
[BlackElo "2580"]
[Annotator "ChessBase"]
[PlyCount "111"]
[EventDate "2019.02.06"]
[EventType "k.o."]
[EventCountry "GEO"]
[SourceTitle "playchess.com"]
[Source "ChessBase"]
[SourceQuality "1"]
[TimeControl "40/5400+30:1800+30"]

1. Nf3 Nf6 2. c4 e6 3. g3 d5 4. Bg2 Be7 5. O-O O-O 6. d4 c6 7. b3 b6 8. Bb2 Bb7 9. Nc3 Nbd7 10. Qc2 Rc8 11. e4 dxe4 12. Nxe4 Nxe4 13. Qxe4 Qc7 14. Rfe1 c5 15. Qe2 Bf6 16. Rad1 Rfd8 17. d5 exd5 18. cxd5 Bxb2 19. d6 Qb8 20. Qxb2 Nf6 21. Re7 Bxf3 22. Bxf3 Rxd6 23. Rxd6 Qxd6 24. Rxa7 Re8 25. Qc3 Nd7 26. Kg2 Ne5 27. Qe3 g6 28. Qe4 Re7 29. Rxe7 Qxe7 30. Be2 Qd6 31. f4 Nc6 32. Bc4 Kg7 33. Qe8 Nd8 34. Qe2 Nc6 35. Qe4 Nd4 36. Kf2 Nf5 37. Qe5+ f6 38. Qxd6 Nxd6 39. Be6 g5 40. Ke3 Kf8 41. fxg5 fxg5 42. b4 cxb4 43. Kd4 Ke7 44. Bg8 h6 45. Ke5 Nb5 46. Bc4 Nd6 47. Bd3 Nb7 48. Bc4 Nd6 49. Bb3 Ne8 50. Bd1 Nd6 51. Be2 Nb7 52. Kf5 Na5 53. Bd1 Nc4 54. Kg6 Nd2 55. Be2 b3 56. axb3 1/2-1/2